[Event "Chinese Championship-B Men 2024"]
[Site "Liaocheng"]
[Date "2024.04.24"]
[Round "5.15"]
[White "Chai, Xu Kang"]
[Black "Chan, Wang Ip Boris"]
[Result "1/2-1/2"]
[WhiteElo "1588"]
[BlackElo "2011"]
[PlyCount "86"]
[EventDate "2024.04.24"]
[EventType "swiss"]
[EventCountry "CHN"]
[TimeControl "5400+30"]

1. e4 c5 2. Nf3 d6 3. c3 Nf6 4. h3 Nbd7 5. Bd3 e5 6. O-O Be7 7. Bc2 O-O 8. d4 Re8 9. Re1 Bf8 10. Nbd2 Qc7 11. Nf1 a6 12. a4 b6 13. Bg5 h6 14. Bd2 Bb7 15. d5 b5 16. Qe2 c4 17. Be3 Reb8 18. Ng3 Bc8 19. a5 Nc5 20. Nh2 Bd7 21. Ng4 Nxg4 22. hxg4 b4 23. Bxc5 Qxc5 24. Ba4 Bb5 25. Nf5 Rc8 26. Qd2 bxc3 27. bxc3 Kh7 28. g5 h5 29. g4 Bxa4 30. Rxa4 g6 31. Ne3 hxg4 32. Nxc4 Rab8 33. Kg2 Kg7 34. Qe3 Be7 35. Nb6 Qxe3 36. Rxe3 Rc7 37. Rg3 Bxg5 38. Rxg4 Bd2 39. Nc4 Bxc3 40. Nxd6 Kf8 41. Rh4 Kg7 42. Rh3 Bd4 43. Rf3 Bc5 1/2-1/2

[Event "Chinese Championship-B Men 2024"]
[Site "Liaocheng"]
[Date "2024.04.24"]
[Round "6.1"]
[White "Zhang, Ziji"]
[Black "Zhang, Di"]
[Result "1/2-1/2"]
[WhiteElo "2392"]
[BlackElo "2303"]
[PlyCount "57"]
[EventDate "2024.04.24"]
[EventType "swiss"]
[EventCountry "CHN"]
[TimeControl "5400+30"]

1. d4 d5 2. c4 c6 3. Nc3 Nf6 4. e3 g6 5. Nf3 Bg7 6. Be2 O-O 7. O-O dxc4 8. Bxc4 Bg4 9. h3 Bxf3 10. Qxf3 Nbd7 11. Rd1 e5 12. d5 e4 13. Nxe4 Ne5 14. Nxf6+ Bxf6 15. Qe2 Nxc4 16. Qxc4 cxd5 17. Rxd5 Qc8 18. Qb3 Rd8 19. Rxd8+ Qxd8 20. e4 Qd4 21. Be3 Qxe4 22. Rd1 Qc6 23. Rc1 Qd7 24. Qc2 a6 25. Qc7 Qd5 26. Qc4 Qd7 27. Qc7 Qd5 28. Qc4 Qd7 29. Qc7 1/2-1/2

[Event "Chinese Championship-B Men 2024"]
[Site "Liaocheng"]
[Date "2024.04.24"]
[Round "6.2"]
[White "Xi, Qi"]
[Black "Xie, Kaifan"]
[Result "1/2-1/2"]
[WhiteElo "2217"]
[BlackElo "2393"]
[PlyCount "60"]
[EventDate "2024.04.24"]
[EventType "swiss"]
[EventCountry "CHN"]
[TimeControl "5400+30"]

1. d4 Nf6 2. c4 e6 3. Nf3 d5 4. Nc3 Bb4 5. Qa4+ Nc6 6. a3 Bxc3+ 7. bxc3 Ne4 8. Bf4 Nxc3 9. Qc2 Ne4 10. e3 h6 11. Bd3 Nd6 12. c5 Nf5 13. h3 O-O 14. O-O Nfe7 15. Bb5 a6 16. Bd3 Bd7 17. Rab1 b5 18. Qd2 Be8 19. e4 dxe4 20. Bxe4 f5 21. Bc2 Bh5 22. Bd1 Qd7 23. Re1 Bxf3 24. Bxf3 Rad8 25. Be5 Nxe5 26. Rxe5 Nc6 27. Bxc6 Qxc6 28. Rbe1 Rfe8 29. Qe3 Rd5 30. Rxe6 Rxe6 1/2-1/2

[Event "Chinese Championship-B Men 2024"]
[Site "Liaocheng"]
[Date "2024.04.24"]
[Round "6.3"]
[White "Meng, Yihan"]
[Black "Xu, Wei"]
[Result "1-0"]
[WhiteElo "2042"]
[BlackElo "2047"]
[PlyCount "112"]
[EventDate "2024.04.24"]
[EventType "swiss"]
[EventCountry "CHN"]
[TimeControl "5400+30"]

1. e4 Nf6 2. e5 Nd5 3. c4 Nb6 4. d4 d6 5. exd6 cxd6 6. Nc3 g6 7. Be2 Bg7 8. h3 O-O 9. Nf3 Bf5 10. O-O Nc6 11. d5 Na5 12. Nd4 Naxc4 13. Nxf5 gxf5 14. a4 a5 15. Re1 Kh8 16. Qb3 Rc8 17. Bg5 Nxb2 18. Rac1 Be5 19. Bb5 Rg8 20. f4 Bd4+ 21. Kh1 f6 22. Ne2 Bf2 23. Rf1 Rxc1 24. Nxc1 N2xa4 25. Bxa4 Nxa4 26. Qxa4 Be3 27. Bh4 Qc7 28. Ne2 Qc5 29. Qd7 Qxd5 30. Ng3 Rg7 31. Qe8+ Qg8 32. Qxg8+ Rxg8 33. Nxf5 Bc5 34. Nxe7 Rf8 35. Ra1 b6 36. g4 Kg7 37. Kg2 Ra8 38. Nd5 a4 39. Bf2 b5 40. Nc7 Ra5 41. Ne6+ Kf7 42. Nxc5 dxc5 43. Bxc5 Ke6 44. Ba3 Ra6 45. Rc1 Rb6 46. Bb4 Ra6 47. Rc3 Ra7 48. Kf3 Kf7 49. Ke4 Kg6 50. Kd5 h5 51. Kc6 hxg4 52. hxg4 Ra8 53. Kxb5 Rd8 54. Rc4 Rd3 55. Kxa4 Rg3 56. f5+ Kf7 1-0

[Event "Chinese Championship-B Men 2024"]
[Site "Liaocheng"]
[Date "2024.04.24"]
[Round "6.4"]
[White "Wu, Yixing"]
[Black "Liu, Aiwei"]
[Result "1-0"]
[WhiteElo "2348"]
[BlackElo "1954"]
[PlyCount "127"]
[EventDate "2024.04.24"]
[EventType "swiss"]
[EventCountry "CHN"]
[TimeControl "5400+30"]

1. Nf3 d5 2. e3 Nf6 3. c4 e6 4. Nc3 Be7 5. b3 c5 6. cxd5 exd5 7. Bb2 O-O 8. d4 Nc6 9. Be2 cxd4 10. Nxd4 Bc5 11. Nxc6 bxc6 12. O-O Qe7 13. Na4 Bd6 14. Rc1 Bd7 15. Qd4 Rfb8 16. Qh4 Rb4 17. Bxf6 gxf6 18. Qh5 f5 19. g3 Kh8 20. Bd3 Rg8 21. Kh1 Rg5 22. Qf3 h5 23. Nc3 h4 24. Ne2 Be5 25. Nf4 Rg7 26. Rfd1 a5 27. Rg1 a4 28. bxa4 Rxa4 29. Rb1 Rxa2 30. Rb7 Qd6 31. Nh5 Rg5 32. gxh4 Rxg1+ 33. Kxg1 Ra1+ 34. Kg2 Ra8 35. Ng3 Rg8 36. Qh5+ Kg7 37. Bxf5 Be8 38. Bh7 Bxg3 39. Bxg8 Kxg8 40. hxg3 Bd7 41. Qg5+ Kh7 42. h5 Qe6 43. h6 Qh3+ 44. Kg1 Qxh6 45. Qxh6+ Kxh6 46. Rxd7 Kg6 47. Rd6+ Kg5 48. Rxc6 Kf5 49. Kg2 Ke5 50. f4+ Ke4 51. Rf6 Kxe3 52. Rxf7 d4 53. Re7+ Kd2 54. f5 d3 55. Kf2 Kc2 56. Rd7 d2 57. Ke2 Kc3 58. Rxd2 Kc4 59. f6 Kc5 60. f7 Kc6 61. f8=Q Kc7 62. Qc5+ Kb7 63. Rb2+ Ka6 64. Qa3# 1-0

[Event "Chinese Championship-B Men 2024"]
[Site "Liaocheng"]
[Date "2024.04.24"]
[Round "6.5"]
[White "Wang, Hao B"]
[Black "Zhou, Yuxu"]
[Result "1-0"]
[WhiteElo "2170"]
[BlackElo "1789"]
[PlyCount "67"]
[EventDate "2024.04.24"]
[EventType "swiss"]
[EventCountry "CHN"]
[TimeControl "5400+30"]

1. d4 Nf6 2. c4 e6 3. Nf3 b6 4. Nbd2 Bb7 5. e3 d5 6. a3 Bd6 7. b4 c6 8. Bd3 Nbd7 9. Bb2 Qe7 10. O-O O-O 11. c5 Bc7 12. Qc2 bxc5 13. bxc5 a5 14. Rab1 Rfb8 15. Ba1 e5 16. dxe5 Nxe5 17. Nxe5 Bxe5 18. Bxe5 Qxe5 19. Nf3 Qc7 20. Nd4 Bc8 21. h3 Bd7 22. Qa4 g6 23. Rb3 Rxb3 24. Nxb3 Ne8 25. Rb1 Qa7 26. Rc1 Ng7 27. Nd4 Qc7 28. Rb1 Ne6 29. Nxe6 Bxe6 30. Rb6 Bd7 31. Ba6 Qe5 32. Bb7 Rb8 33. Bxc6 Rxb6 34. cxb6 1-0

[Event "Chinese Championship-B Men 2024"]
[Site "Liaocheng"]
[Date "2024.04.24"]
[Round "6.7"]
[White "Yao, Yuhang"]
[Black "Chen, Zimu(Js)"]
[Result "0-1"]
[WhiteElo "1887"]
[BlackElo "2075"]
[PlyCount "182"]
[EventDate "2024.04.24"]
[EventType "swiss"]
[EventCountry "CHN"]
[TimeControl "5400+30"]

1. e4 Nf6 2. e5 Nd5 3. d4 d6 4. Nf3 g6 5. Bc4 Nb6 6. Bb3 Bg7 7. Qe2 O-O 8. h3 Nc6 9. O-O a5 10. c3 a4 11. Bc2 Be6 12. Na3 Bd5 13. Be4 dxe5 14. dxe5 Bxe4 15. Qxe4 Qd5 16. Qxd5 Nxd5 17. Re1 e6 18. Bd2 Rfd8 19. Rad1 h6 20. Nb5 Na5 21. Bc1 Bf8 22. a3 Kh7 23. g3 c6 24. Nbd4 b5 25. Nc2 c5 26. Nd2 b4 27. cxb4 cxb4 28. axb4 Nxb4 29. Nxb4 Bxb4 30. Rf1 Rd5 31. Ne4 Kg7 32. Nf6 Rxd1 33. Rxd1 Nc4 34. f4 Bc5+ 35. Kh1 Be7 36. Ne4 Ra7 37. Nc3 Bb4 38. Rd4 Rc7 39. Nxa4 Nxe5 40. Bd2 Bxd2 41. Rxd2 Nf3 42. Re2 Rc4 43. Nc3 Rb4 44. Kg2 Nd4 45. Rf2 h5 46. h4 Nf5 47. Re2 Kf8 48. Kf2 Rd4 49. Rc2 Ke7 50. Ne2 Rb4 51. Nc3 Nd6 52. Kf3 Rb3 53. Kg2 Kf6 54. Ne2 Nf5 55. Kf2 Ne3 56. Nc1 Rxb2 57. Rxb2 Nd1+ 58. Kf3 Nxb2 59. Ne2 Nc4 60. Nc3 Kf5 61. Ne4 e5 62. fxe5 Nxe5+ 63. Ke3 Kg4 64. Kf2 Kh3 65. Nc3 Ng4+ 66. Kf3 Nf6 67. Ne2 Nd5 68. Kf2 Ne7 69. Ng1+ Kg4 70. Nf3 f6 71. Kg2 Nc6 72. Nh2+ Kf5 73. Nf1 Ke4 74. Kf2 Nd4 75. Ne3 f5 76. Ng2 Ne6 77. Ne1 f4 78. Kg2 Nd4 79. gxf4 Nf5 80. Kh3 Ne3 81. Kg3 Nf1+ 82. Kf2 Nd2 83. Ng2 Nf3 84. f5 gxf5 85. Kg3 Nd2 86. Kf2 f4 87. Ne1 f3 88. Nc2 Kf4 89. Ne1 Ne4+ 90. Kf1 Kg3 91. Nc2 Nd2+ 0-1

[Event "Chinese Championship-B Men 2024"]
[Site "Liaocheng"]
[Date "2024.04.24"]
[Round "6.8"]
[White "Yu, Chaojie"]
[Black "Hong, Mingren"]
[Result "1/2-1/2"]
[WhiteElo "2047"]
[BlackElo "1747"]
[PlyCount "60"]
[EventDate "2024.04.24"]
[EventType "swiss"]
[EventCountry "CHN"]
[TimeControl "5400+30"]

1. c4 Nf6 2. Nf3 g6 3. b3 Bg7 4. Bb2 O-O 5. g3 c6 6. Bg2 d5 7. O-O a5 8. d3 a4 9. Na3 Na6 10. Nc2 Nc7 11. Rb1 axb3 12. axb3 c5 13. Ra1 Bd7 14. Be5 Bc6 15. Rxa8 Nxa8 16. Qa1 dxc4 17. bxc4 Nb6 18. Rb1 Nbd7 19. Bc3 Qc7 20. Ne5 Bxg2 21. Nxd7 Qxd7 22. Kxg2 Qc6+ 23. Kg1 b6 24. Ne3 Rb8 25. Qa7 Nd7 26. Nd5 Qd6 27. Bxg7 Kxg7 28. Rb5 h5 29. h4 f6 30. Qa1 Kf7 1/2-1/2

[Event "Chinese Championship-B Men 2024"]
[Site "Liaocheng"]
[Date "2024.04.24"]
[Round "6.9"]
[White "Jin, Yueheng"]
[Black "Xu, Ziyuan"]
[Result "1/2-1/2"]
[WhiteElo "2407"]
[BlackElo "1872"]
[PlyCount "63"]
[EventDate "2024.04.24"]
[EventType "swiss"]
[EventCountry "CHN"]
[TimeControl "5400+30"]

1. d4 Nf6 2. c4 g6 3. g3 c6 4. Bg2 d5 5. cxd5 cxd5 6. Nf3 Bg7 7. O-O O-O 8. Nc3 Nc6 9. Ne5 Bf5 10. Bf4 Ne4 11. Rc1 Rc8 12. Qa4 Nxc3 13. Rxc3 Qb6 14. Nxc6 bxc6 15. e3 Qxb2 16. Qa3 Qxa3 17. Rxa3 c5 18. Rxa7 cxd4 19. Rxe7 dxe3 20. fxe3 d4 21. exd4 Bxd4+ 22. Be3 Bxe3+ 23. Rxe3 Rfd8 24. a4 Rd2 25. Ra1 Rcc2 26. Bf3 Bh3 27. Be4 Rb2 28. Rd3 Re2 29. Bf3 Rec2 30. Be4 Re2 31. Bf3 Rec2 32. Be4 1/2-1/2

[Event "Chinese Championship-B Men 2024"]
[Site "Liaocheng"]
[Date "2024.04.24"]
[Round "6.10"]
[White "Xie, Jianjun"]
[Black "Zhang, Haoxuan(Zj)"]
[Result "1/2-1/2"]
[WhiteElo "2384"]
[BlackElo "1851"]
[PlyCount "68"]
[EventDate "2024.04.24"]
[EventType "swiss"]
[EventCountry "CHN"]
[TimeControl "5400+30"]

1. f4 Nf6 2. Nf3 g6 3. b3 Bg7 4. Bb2 O-O 5. e3 d6 6. Be2 a5 7. a4 b6 8. O-O Bb7 9. Qe1 Nc6 10. Na3 e6 11. Rd1 Ne7 12. Nc4 Nf5 13. Bd3 Ne4 14. Bxg7 Nxg7 15. Bxe4 Bxe4 16. d3 Bxf3 17. Rxf3 c6 18. Qc3 b5 19. Nd2 b4 20. Qa1 d5 21. Rh3 f6 22. Re1 Qb6 23. Re2 Rae8 24. Nf3 c5 25. g4 Qd6 26. Qe1 Re7 27. Qh4 Ne8 28. g5 Rg7 29. gxf6 Nxf6 30. Rg2 Qd8 31. Qg5 Qe8 32. Qe5 Nd7 33. Qc7 Qd8 34. Qc6 Qb6 1/2-1/2

[Event "Chinese Championship-B Men 2024"]
[Site "Liaocheng"]
[Date "2024.04.24"]
[Round "6.11"]
[White "Jiang, Haochen"]
[Black "Gong, Yiming"]
[Result "1-0"]
[WhiteElo "2381"]
[BlackElo "1844"]
[PlyCount "79"]
[EventDate "2024.04.24"]
[EventType "swiss"]
[EventCountry "CHN"]
[TimeControl "5400+30"]

1. d4 Nf6 2. Nf3 g6 3. c4 Bg7 4. Nc3 d5 5. Qb3 dxc4 6. Qxc4 c6 7. e4 Nbd7 8. e5 Nb6 9. exf6 Nxc4 10. fxg7 Rg8 11. Bxc4 Rxg7 12. Bh6 Rg8 13. O-O-O b5 14. Bb3 Be6 15. d5 cxd5 16. Nxd5 a5 17. a4 Ra6 18. Bf4 Bxd5 19. Rxd5 Qc8+ 20. Kb1 e6 21. Rxb5 Ke7 22. Ne5 Qa8 23. Ka2 Rd8 24. Rc1 Rc8 25. Rxc8 Qxc8 26. Rb8 Qc5 27. Bg5+ Kd6 28. Nxf7+ Kd7 29. Rd8+ Kc7 30. Bf4+ Kb7 31. Nd6+ Rxd6 32. Rxd6 Qxf2 33. Bg3 Qxg2 34. Rxe6 g5 35. Re7+ Kc6 36. Rxh7 Qd2 37. Rc7+ Kb6 38. Rc2 Qd3 39. Bf2+ Kb7 40. Rc5 1-0

[Event "Chinese Championship-B Men 2024"]
[Site "Liaocheng"]
[Date "2024.04.24"]
[Round "6.12"]
[White "Jiang, Qinyu"]
[Black "Li, Zhanjia"]
[Result "1-0"]
[WhiteElo "2319"]
[BlackElo "1839"]
[PlyCount "63"]
[EventDate "2024.04.24"]
[EventType "swiss"]
[EventCountry "CHN"]
[TimeControl "5400+30"]

1. e4 e5 2. Nf3 Nf6 3. d4 Nxe4 4. Bd3 d5 5. Nxe5 Nd7 6. Nxd7 Bxd7 7. O-O Bd6 8. Nc3 Nxc3 9. bxc3 O-O 10. Qh5 f5 11. Re1 Qf6 12. Qf3 c6 13. Bf4 Rae8 14. h4 g6 15. c4 Re4 16. Bxd6 Rxe1+ 17. Rxe1 Qxd6 18. Re5 Re8 19. Qe3 Rxe5 20. dxe5 d4 21. Qf4 Qc5 22. h5 Be6 23. g4 Bxc4 24. gxf5 Bxd3 25. cxd3 gxf5 26. Qg5+ Kf7 27. Qxf5+ Kg7 28. h6+ Kxh6 29. Qf6+ Kh5 30. e6 Qc1+ 31. Kg2 Qd1 32. e7 1-0

[Event "Chinese Championship-B Men 2024"]
[Site "Liaocheng"]
[Date "2024.04.24"]
[Round "6.13"]
[White "Chen, Hongsen"]
[Black "Chen, Muxi"]
[Result "1-0"]
[WhiteElo "2171"]
[BlackElo "1828"]
[PlyCount "67"]
[EventDate "2024.04.24"]
[EventType "swiss"]
[EventCountry "CHN"]
[TimeControl "5400+30"]

1. d4 d5 2. c4 c6 3. Nf3 Nf6 4. Qb3 e6 5. g3 Nbd7 6. Bg2 Bd6 7. O-O O-O 8. Rd1 Qe7 9. Nc3 dxc4 10. Qxc4 e5 11. e4 exd4 12. Nxd4 Ne5 13. Qf1 Bc5 14. h3 Bxd4 15. Rxd4 Bxh3 16. Qe2 Bxg2 17. Kxg2 Rad8 18. Rxd8 Rxd8 19. Bg5 h6 20. Bxf6 Qxf6 21. f4 Ng6 22. Rd1 Qe7 23. e5 Rxd1 24. Qxd1 Qb4 25. Qd2 Ne7 26. a3 Qb6 27. b4 Nf5 28. Qd7 Ne3+ 29. Kh3 Nf1 30. Kg2 Ne3+ 31. Kf3 Nc4 32. Nd1 g6 33. e6 Qg1 34. Nf2 1-0

[Event "Chinese Championship-B Men 2024"]
[Site "Liaocheng"]
[Date "2024.04.24"]
[Round "6.14"]
[White "Chan, Wang Ip Boris"]
[Black "Liu, Heyang"]
[Result "1/2-1/2"]
[WhiteElo "2011"]
[BlackElo "1776"]
[PlyCount "71"]
[EventDate "2024.04.24"]
[EventType "swiss"]
[EventCountry "CHN"]
[TimeControl "5400+30"]

1. e4 c5 2. Nf3 d6 3. d4 cxd4 4. Nxd4 Nf6 5. Nc3 a6 6. Bg5 e6 7. f4 Be7 8. Qf3 Qc7 9. O-O-O Nbd7 10. f5 e5 11. Nde2 b5 12. Bxf6 Nxf6 13. Nd5 Nxd5 14. exd5 Bb7 15. Ng3 Rc8 16. c3 Kd7 17. Qg4 Bf6 18. Ne4 Qb6 19. Qf3 h6 20. Kb1 Kc7 21. g4 Bg5 22. Be2 Bf4 23. h4 Qe3 24. Qg2 Qb6 25. Rh3 Kb8 26. Qf3 f6 27. Qd3 Rcd8 28. Qc2 Rc8 29. Qb3 Rc5 30. a4 Rhc8 31. axb5 axb5 32. Nxc5 Rxc5 33. Rhd3 Kc7 34. Rf3 Qa5 35. Rfd3 Qb6 36. Rf3 1/2-1/2

[Event "Chinese Championship-B Men 2024"]
[Site "Liaocheng"]
[Date "2024.04.24"]
[Round "6.15"]
[White "Wang, Zihang"]
[Black "Zhang, Zhi"]
[Result "1/2-1/2"]
[WhiteElo "1846"]
[BlackElo "1987"]
[PlyCount "75"]
[EventDate "2024.04.24"]
[EventType "swiss"]
[EventCountry "CHN"]
[TimeControl "5400+30"]

1. e4 e6 2. d4 d5 3. exd5 exd5 4. Bd3 Bd6 5. Nc3 c6 6. Qf3 Qf6 7. Nce2 Qxf3 8. Nxf3 Ne7 9. Bf4 Bxf4 10. Nxf4 Bf5 11. O-O Bxd3 12. Nxd3 Nd7 13. Rfe1 f6 14. a4 a5 15. Nc5 Ra7 16. h4 b6 17. Ne6 g6 18. Re2 Kf7 19. Rae1 Nf5 20. Nf4 h5 21. g3 Rb8 22. b3 b5 23. axb5 Rxb5 24. Re8 Rb8 25. Rxb8 Nxb8 26. Ra1 Nd6 27. Ra4 Nb5 28. b4 axb4 29. Rxb4 Ra1+ 30. Kg2 Na6 31. Rb2 Nac7 32. Nd3 Ne6 33. Nb4 Nexd4 34. Nxd4 Nxd4 35. c3 Nb5 36. Nxd5 Rc1 37. Nb4 Rxc3 38. Nxc6 1/2-1/2

[Event "Chinese Championship-B Men 2024"]
[Site "Liaocheng"]
[Date "2024.04.24"]
[Round "7.1"]
[White "Xie, Kaifan"]
[Black "Zhang, Ziji"]
[Result "1/2-1/2"]
[WhiteElo "2393"]
[BlackElo "2392"]
[PlyCount "45"]
[EventDate "2024.04.24"]
[EventType "swiss"]
[EventCountry "CHN"]
[TimeControl "5400+30"]

1. d4 d5 2. c4 c6 3. Nf3 Nf6 4. Nc3 dxc4 5. a4 e6 6. e3 c5 7. Bxc4 Nc6 8. O-O Be7 9. Qe2 O-O 10. Rd1 Qc7 11. e4 cxd4 12. Nxd4 Nxd4 13. Rxd4 e5 14. Rd1 Bc5 15. Nd5 Nxd5 16. Bxd5 Be6 17. Be3 Bxe3 18. Qxe3 Bxd5 19. Rxd5 Rfd8 20. Rc5 Qd6 21. Rd5 Qc7 22. Rc5 Qd6 23. Rd5 1/2-1/2

[Event "Chinese Championship-B Men 2024"]
[Site "Liaocheng"]
[Date "2024.04.24"]
[Round "7.2"]
[White "Zhang, Di"]
[Black "Meng, Yihan"]
[Result "1-0"]
[WhiteElo "2303"]
[BlackElo "2042"]
[PlyCount "77"]
[EventDate "2024.04.24"]
[EventType "swiss"]
[EventCountry "CHN"]
[TimeControl "5400+30"]

1. e4 e5 2. Nf3 Nf6 3. Nc3 Nc6 4. Bb5 Nd4 5. O-O c6 6. Bd3 Nxf3+ 7. Qxf3 Bc5 8. Be2 d6 9. d3 Bg4 10. Qg3 Qd7 11. Be3 Bxe3 12. Qxe3 Bxe2 13. Qxe2 Qg4 14. Qxg4 Nxg4 15. a4 Ke7 16. Rfd1 Nf6 17. d4 Nd7 18. f3 a5 19. Rd3 Rhf8 20. Re1 Rad8 21. Nd1 Nb6 22. b3 g6 23. g4 c5 24. dxc5 dxc5 25. Rc3 c4 26. Ne3 Rd4 27. Rb1 cxb3 28. Rbxb3 Nxa4 29. Rxb7+ Kf6 30. Rc6+ Kg5 31. Kf2 h5 32. gxh5 Kxh5 33. Kg3 Rd2 34. Rb5 f5 35. Rxe5 Re2 36. Nd5 g5 37. Nf6+ Rxf6 38. Rxf6 fxe4 39. Ree6 1-0

[Event "Chinese Championship-B Men 2024"]
[Site "Liaocheng"]
[Date "2024.04.24"]
[Round "7.3"]
[White "Wu, Yixing"]
[Black "Wang, Hao B"]
[Result "1/2-1/2"]
[WhiteElo "2348"]
[BlackElo "2170"]
[PlyCount "133"]
[EventDate "2024.04.24"]
[EventType "swiss"]
[EventCountry "CHN"]
[TimeControl "5400+30"]

1. Nf3 d5 2. d4 Nf6 3. c4 e6 4. Nc3 c6 5. Qd3 Nbd7 6. g3 Be7 7. Bg2 O-O 8. O-O b6 9. e4 Ba6 10. b3 dxc4 11. bxc4 Rc8 12. Rd1 h6 13. Bf4 Re8 14. Bf1 Nf8 15. Qc2 Bb7 16. Bg2 Ng6 17. Be3 Qc7 18. h3 Red8 19. Qa4 a6 20. Qb3 b5 21. c5 e5 22. Nxe5 Nxe5 23. dxe5 Qxe5 24. f4 Qe6 25. e5 Nd5 26. Bf2 g5 27. fxg5 Qxe5 28. Ne4 hxg5 29. Bd4 Qe6 30. Rf1 Nf4 31. Qxe6 Nxe6 32. Bf6 Rc7 33. Bxe7 Rxe7 34. Rf5 Rd3 35. Raf1 Bc8 36. Kh2 Bd7 37. R1f2 a5 38. Nf6+ Kg7 39. Nxd7 Rdxd7 40. Bxc6 Rc7 41. Bd5 Nxc5 42. Rxg5+ Kf8 43. h4 Nd3 44. Rd2 Ne5 45. Bg2 Re6 46. Kh3 Rc3 47. h5 b4 48. Bd5 f6 49. Bxe6 fxg5 50. h6 Ng6 51. Kg4 Ke7 52. Bf5 Ne5+ 53. Kxg5 Nf7+ 54. Kf4 Rc4+ 55. Kf3 Nxh6 56. Bc2 Nf7 57. Re2+ Kf6 58. Bb3 Ng5+ 59. Kg2 Rd4 60. Rc2 Ne4 61. Kf3 Ke5 62. Re2 Rd3+ 63. Re3 Rxe3+ 64. Kxe3 Nxg3 65. Kd3 Ne4 66. Kc4 Nd6+ 67. Kc5 1/2-1/2

[Event "Chinese Championship-B Men 2024"]
[Site "Liaocheng"]
[Date "2024.04.24"]
[Round "7.4"]
[White "Chen, Zimu(Js)"]
[Black "Xi, Qi"]
[Result "1/2-1/2"]
[WhiteElo "2075"]
[BlackElo "2217"]
[PlyCount "62"]
[EventDate "2024.04.24"]
[EventType "swiss"]
[EventCountry "CHN"]
[TimeControl "5400+30"]

1. Nf3 d5 2. g3 Nf6 3. Bg2 c6 4. O-O Bg4 5. h3 Bh5 6. d3 e6 7. Nbd2 Be7 8. e4 O-O 9. Re1 a5 10. g4 Bg6 11. Ne5 dxe4 12. Nxg6 hxg6 13. dxe4 e5 14. Nc4 Qc7 15. a4 Nbd7 16. g5 Nh5 17. Bf3 Nf4 18. Bxf4 exf4 19. e5 Bxg5 20. e6 fxe6 21. Qd3 Rfe8 22. Qxg6 Bf6 23. Rad1 Nf8 24. Qh5 Re7 25. c3 g6 26. Qg4 Rh7 27. Nd6 Rh4 28. Qg2 Bg7 29. Bg4 e5 30. Ne4 Qe7 31. Rd6 Rh6 1/2-1/2

[Event "Chinese Championship-B Men 2024"]
[Site "Liaocheng"]
[Date "2024.04.24"]
[Round "7.5"]
[White "Xu, Wei"]
[Black "Jiang, Haochen"]
[Result "1/2-1/2"]
[WhiteElo "2047"]
[BlackElo "2381"]
[PlyCount "69"]
[EventDate "2024.04.24"]
[EventType "swiss"]
[EventCountry "CHN"]
[TimeControl "5400+30"]

1. d4 d5 2. c4 e6 3. Nc3 Be7 4. Nf3 Nf6 5. Bg5 O-O 6. e3 h6 7. Bh4 b6 8. cxd5 Nxd5 9. Nxd5 Bxh4 10. Nxc7 Bxf2+ 11. Kxf2 Qxc7 12. Rc1 Qe7 13. Qc2 Nd7 14. Qc7 Qb4 15. Bd3 Nf6 16. Qc3 Qa4 17. Qc6 Ng4+ 18. Ke2 Qxa2 19. Qxa8 Qxb2+ 20. Nd2 Ba6 21. Qe4 Nf6 22. Qc6 Bxd3+ 23. Kxd3 Nd5 24. Qa4 Nb4+ 25. Ke2 Na2 26. Rc2 Nc3+ 27. Rxc3 Qxc3 28. Qxa7 Qc6 29. Rf1 Qxg2+ 30. Rf2 Qg4+ 31. Kf1 Qh3+ 32. Ke2 Qh5+ 33. Ke1 Rc8 34. Qa3 Qd5 35. Qa6 1/2-1/2

[Event "Chinese Championship-B Men 2024"]
[Site "Liaocheng"]
[Date "2024.04.24"]
[Round "7.7"]
[White "Hong, Mingren"]
[Black "Chen, Hongsen"]
[Result "0-1"]
[WhiteElo "1747"]
[BlackElo "2171"]
[PlyCount "160"]
[EventDate "2024.04.24"]
[EventType "swiss"]
[EventCountry "CHN"]
[TimeControl "5400+30"]

1. e4 e5 2. Nf3 Nc6 3. Nc3 Nf6 4. Bb5 d6 5. d4 Bd7 6. O-O exd4 7. Nxd4 Be7 8. Bxc6 bxc6 9. Bf4 O-O 10. h3 Rb8 11. b3 Re8 12. Re1 g6 13. Qd3 Nh5 14. Bh2 Bf6 15. Rad1 Qc8 16. Nde2 Ng7 17. Qf3 Qd8 18. Nc1 Bg5 19. Nd3 Ne6 20. Ne2 Bh6 21. Qg3 c5 22. Ndf4 Bg7 23. Nxe6 fxe6 24. c4 a5 25. Qd3 e5 26. Nc3 Kh8 27. Rb1 Bc6 28. a4 Rb7 29. f3 Qh4 30. Qe2 Reb8 31. Nb5 Be8 32. Red1 g5 33. Qe1 Qxe1+ 34. Rxe1 Bf8 35. Red1 Kg7 36. Rd3 Kf6 37. Rbd1 Ke6 38. Bg3 Be7 39. Be1 Ra8 40. Kf2 Bxb5 41. cxb5 Rb6 42. Kg3 c6 43. bxc6 Rxc6 44. Kg4 Rb6 45. Rc1 Rab8 46. Rcc3 Rb4 47. Kh5 R4b7 48. Bd2 Rg8 49. Rc4 Bd8 50. Rc1 Rf7 51. Kg4 h5+ 52. Kg3 g4 53. Kh2 Rfg7 54. fxg4 hxg4 55. Rg3 gxh3 56. Rxg7 Rxg7 57. gxh3 Rb7 58. Rc3 Rb4 59. Re3 Rd4 60. Bc3 Rd1 61. Rg3 Rb1 62. Rg6+ Kd7 63. Rg7+ Kc6 64. Rg6 Kd7 65. Rg7+ Kc8 66. Rg8 Kd7 67. Rg7+ Be7 68. Bxa5 Rxb3 69. Be1 Ke6 70. Rg6+ Kf7 71. Rg3 Rb2+ 72. Rg2 Rb1 73. Re2 Ra1 74. a5 Bd8 75. Rf2+ Ke6 76. Rf8 Be7 77. Rf1 Bh4 78. a6 Bxe1 79. a7 Ra2+ 80. Kh1 Bb4 0-1

[Event "Chinese Championship-B Men 2024"]
[Site "Liaocheng"]
[Date "2024.04.24"]
[Round "7.8"]
[White "Zhu, Yilun"]
[Black "Yu, Chaojie"]
[Result "1/2-1/2"]
[WhiteElo "2125"]
[BlackElo "2047"]
[PlyCount "105"]
[EventDate "2024.04.24"]
[EventType "swiss"]
[EventCountry "CHN"]
[TimeControl "5400+30"]

1. e4 c5 2. Nf3 d6 3. d4 cxd4 4. Nxd4 Nf6 5. Nc3 Nc6 6. f3 e6 7. Be3 Be7 8. Qd2 O-O 9. O-O-O a6 10. g4 Nxd4 11. Bxd4 b5 12. g5 Nd7 13. h4 Bb7 14. a3 Ne5 15. Qe3 Qc7 16. h5 f5 17. f4 Ng4 18. Qg1 e5 19. Bb6 Qc8 20. Bh3 Qc4 21. g6 Bxe4 22. gxh7+ Kh8 23. Nxe4 Qxe4 24. fxe5 Rac8 25. Qg2 Qxg2 26. Bxg2 dxe5 27. Bh3 Rc6 28. Ba7 Bg5+ 29. Kb1 Ne3 30. Rdg1 Bf4 31. Rg6 Rc7 32. Bb6 Rd7 33. h6 gxh6 34. Rg8+ Rxg8 35. hxg8=Q+ Kxg8 36. Bxe3 Bxe3 37. Bxf5 Rd6 38. Rh3 Bf4 39. Rd3 Rxd3 40. cxd3 h5 41. Kc2 h4 42. Kd1 Kf7 43. b3 Ke7 44. a4 Kd6 45. axb5 axb5 46. Ke2 Kd5 47. Bd7 b4 48. Kf2 Kd4 49. Bb5 h3 50. Kg1 Ke3 51. Kh1 Bg3 52. Kg1 Kd2 53. Kh1 1/2-1/2

[Event "Chinese Championship-B Men 2024"]
[Site "Liaocheng"]
[Date "2024.04.24"]
[Round "7.9"]
[White "Zhang, Yinzhe"]
[Black "Jin, Yueheng"]
[Result "0-1"]
[WhiteElo "1927"]
[BlackElo "2407"]
[PlyCount "118"]
[EventDate "2024.04.24"]
[EventType "swiss"]
[EventCountry "CHN"]
[TimeControl "5400+30"]

1. b3 d5 2. Bb2 Nf6 3. e3 Bf5 4. Nf3 e6 5. Nh4 Bg4 6. Be2 Bxe2 7. Qxe2 c5 8. Nf3 Nc6 9. O-O Be7 10. d3 O-O 11. Nbd2 b5 12. a3 Qb6 13. Rfb1 Rfd8 14. c3 a6 15. h3 Ra7 16. Bc1 Rad7 17. b4 c4 18. d4 Bd6 19. Bb2 e5 20. Re1 e4 21. Nh4 Bb8 22. f4 exf3 23. Qxf3 Re8 24. Nf5 g6 25. Rf1 Re6 26. Nh6+ Kg7 27. Ng4 Qc7 28. Qf4 Nxg4 29. hxg4 Qd8 30. Qf2 Qg5 31. Rae1 Qxg4 32. Qf3 Qh4 33. Qh3 Qxh3 34. gxh3 f5 35. Kf2 Rde7 36. Nf3 Nd8 37. Bc1 Nf7 38. Bd2 Nd6 39. Ng5 Ne4+ 40. Nxe4 Rxe4 41. Rg1 Kf6 42. Ref1 g5 43. Ke2 Kg6 44. Kd1 h5 45. Kc2 Rf7 46. a4 g4 47. axb5 axb5 48. Ra1 Ra7 49. Rxa7 Bxa7 50. Kd1 Re6 51. Ke2 Ra6 52. Rf1 g3 53. h4 Ra2 54. Rd1 Bb8 55. Kf3 Rc2 56. Kg2 f4 57. Kf3 g2 58. Ke2 fxe3 59. Kxe3 Bh2 0-1

[Event "Chinese Championship-B Men 2024"]
[Site "Liaocheng"]
[Date "2024.04.24"]
[Round "7.10"]
[White "Wang, Zihang"]
[Black "Xie, Jianjun"]
[Result "1/2-1/2"]
[WhiteElo "1846"]
[BlackElo "2384"]
[PlyCount "66"]
[EventDate "2024.04.24"]
[EventType "swiss"]
[EventCountry "CHN"]
[TimeControl "5400+30"]

1. e4 c6 2. d4 d5 3. exd5 cxd5 4. Bd3 Nc6 5. c3 Nf6 6. Bf4 Bg4 7. Qb3 Na5 8. Qa4+ Bd7 9. Qc2 Qb6 10. Nf3 Bb5 11. Bxb5+ Qxb5 12. Na3 Qb6 13. O-O Nc6 14. Qb3 e6 15. Qxb6 axb6 16. Nb5 Rc8 17. h3 Kd7 18. a4 Be7 19. Ne5+ Nxe5 20. Bxe5 Ne8 21. a5 f6 22. Bg3 bxa5 23. Rxa5 Nd6 24. Nxd6 Bxd6 25. Bxd6 Kxd6 26. Ra7 Rc7 27. f4 Re8 28. Rd1 h6 29. h4 g5 30. hxg5 hxg5 31. fxg5 f5 32. Rd3 Rg8 33. Rg3 Rcg7 1/2-1/2